 Dungeon Crawl Stone Soup version 0.20-a0-709-gd40821f (webtiles) character file.

256 Gorglomux the Skirmisher (level 6, 0/66 HPs)
             Began as an Ogre Hunter on Feb 22, 2017.
             Succumbed to an adder's poison
             ... on level 4 of the Dungeon.
             The game lasted 00:10:57 (4312 turns).

Gorglomux the Skirmisher (Ogre Hunter)              Turns: 4312, Time: 00:10:58

Health: 0/66       AC:  3    Str: 17    XL:     6   Next: 15%
Magic:  15/15      EV: 11    Int: 12    God:
Gold:   198        SH:  0    Dex: 11    Spells: 5/5 levels left

rFire    + . .     SeeInvis .   a - +0 flail
rCold    + . .     Gourm    .   q - +0 robe
rNeg     . . .     Faith    .   (no shield)
rPois    .         Spirit   .   (helmet restricted)
rElec    .         Reflect  .   z - scarf {rC+}
rCorr    .         Harm     .   (gloves unavailable)
MR       .....                  (boots unavailable)
Stlth    +.........             (no amulet)
Regen    0.3/turn               G - ring of magical power
MPRegen  0.2/turn               f - ring of protection from fire

@: lethally poisoned (0 -> -1)
A: unfitting armour, tough skin 1
a: no special abilities


You were on level 4 of the Dungeon.
You were not hungry.

You visited 1 branch of the dungeon, and saw 4 of its levels.

You collected 198 gold pieces.

Inventory:

Hand Weapons
 a - a +0 flail (weapon)
 b - a +0 blowgun
Missiles
 A - 4 tomahawks (quivered)
 F - 21 sling bullets
 M - 112 stones
 Z - 22 poisoned needles
Armour
 q - a +0 robe (worn)
 z - a scarf of cold resistance (worn)
Jewellery
 f - a ring of protection from fire (left hand)
 B - an uncursed ring of positive energy {unknown}
 G - a ring of magical power (right hand)
Scrolls
 C - a scroll of enchant weapon {unknown}
 H - a scroll of fog {unknown}
 J - 3 scrolls of amnesia {unknown}
 K - a scroll of noise {unknown}
 N - 2 scrolls of remove curse
 O - 2 scrolls of magic mapping {unknown}
 Q - a scroll of blinking {unknown}
 R - a scroll of enchant armour {unknown}
 T - 3 scrolls of teleportation
 X - 2 scrolls of identify {unknown}
 Y - 2 scrolls of fear {unknown}
Potions
 D - a potion of mutation {unknown}
 E - a potion of might {unknown}
 I - a potion of curing {unknown}
 S - 2 potions of invisibility {unknown}
 U - 2 potions of heal wounds
 V - 3 potions of brilliance {unknown}
Comestibles
 L - a meat ration
 P - 6 bread rations
 W - 4 fruits


   Skills:
 - Level 5.0 Fighting
 - Level 4.0 Throwing
 + Level 4.8 Dodging
 - Level 0.6 Stealth


You had 5 spell levels left.
You didn't know any spells.

Dungeon Overview and Level Annotations

Branches:
Dungeon (4/15)
 Temple: D:4-7

Altars:
Cheibriados
Elyvilon
Gozag
Hepliaklqana Ieoh Jian
Qazlal
Ru
Sif Muna
Uskayaw
Vehumet
Yredelemnul


Innate Abilities, Weirdness & Mutations

You are too large for most types of armour.
You have tough skin. (AC +1)


Message History

Aim: an iguana (lightly wounded)
You throw a large rock.
The large rock barely misses the iguana.
The iguana misses you. The iguana bites you.
As you read the scroll of teleportation, it crumbles to dust.
You feel strangely unstable.
You feel sick. The iguana bites you!
* * * LOW HITPOINT WARNING * * *
Your surroundings suddenly seem different.
An ogre comes into view. It is wielding a giant spiked club.
The ogre shouts!
Found 30 stones.
You feel sick.
An orc comes into view. It is wielding a mace.
An orc wizard comes into view. It is wielding a dagger.
The orc wizard shouts!
The orc shouts!
The orc wizard gestures at you while chanting.
The magic dart hits you!
* * * LOW HITPOINT WARNING * * *
An orc wizard comes into view. It is wielding a dagger.
You die...

.# ...................... .## #.
#................... ..##.
#........!......... ..#.
#....<............. ...
#..........O...(... ..
#.................. .######
#.................. .(....#
##..................... (####.#
#......@.............# ⌠.#
#....................# .##
#...>.........o.....## ##.
##...................##
#..#########.........o..........
...............................
#.............).......o....#
##....##...................#
.##..###.#.#.##...........##


You could see an ogre, 2 orc wizards and an orc.

Vanquished Creatures
  An orc priest (D:3)
  4 gnolls (D:3)
  7 adders
  3 worms
  5 dart slugs
  A leopard gecko (D:3)
  8 orcs (D:3)
  5 ball pythons
  3 giant cockroaches
  7 hobgoblins
  4 jackals (D:1)
  13 bats
  11 frilled lizards
  11 goblins
  14 kobolds
  7 rats
104 creatures vanquished.

Notes
Turn   | Place    | Note
-------+----------+-------------------------------------------
     0 | D:1      | Gorglomux the Ogre Hunter began the quest for the Orb.
     0 | D:1      | Reached XP level 1. HP: 22/22 MP: 1/1
    35 | D:1      | Reached skill level 3 in Fighting
    78 | D:1      | Reached XP level 2. HP: 21/31 MP: 2/2
   243 | D:1      | Reached skill level 4 in Fighting
   335 | D:1      | Reached XP level 3. HP: 39/40 MP: 3/3
   623 | D:1      | Reached skill level 5 in Fighting
   897 | D:2      | Found a snail-covered altar of Cheibriados.
   900 | D:2      | Found an ornate altar of the Ieoh Jian Council.
   902 | D:2      | Found a white marble altar of Elyvilon.
   902 | D:2      | Found a sacrificial altar of Ru.
   902 | D:2      | Found a hide-covered altar of Uskayaw.
   902 | D:2      | Found a hazy altar of Hepliaklqana.
   903 | D:2      | Found a basalt altar of Yredelemnul.
   904 | D:2      | Found a stormy altar of Qazlal.
   905 | D:2      | Found an opulent altar of Gozag.
   906 | D:2      | Found a radiant altar of Vehumet.
   968 | D:2      | Found a faded altar of an unknown god.
  1174 | D:2      | Found a deep blue altar of Sif Muna.
  1238 | D:2      | Reached XP level 4. HP: 42/50 MP: 4/4
  1971 | D:3      | Reached skill level 3 in Dodging
  2099 | D:3      | Reached XP level 5. HP: 31/57 MP: 5/5
  2829 | D:2      | HP: 2/57 [adder (2)]
  3255 | D:3      | Reached XP level 6. HP: 50/66 MP: 6/6
  4311 | D:4      | HP: 1/66 [orc wizard/magic dart (7)]
  4312 | D:4      | Succumbed to an adder's poison

Vault maps used:
D:1:      tarquinn_simple_flora_water_a, st_stairs_5
D:2:      overflow_temple_1_default, minitemple,
          chequers_ecumenical_altar_simple
D:4:      minmay_temple_entry_enclosed_plants, first_bread,
          hangedman_abyss_or_decor_stabs, grunt_decor_arrowhead,
          uniq_blork_the_orc

Skill      XL: |  1  2  3  4  5 |
---------------+----------------+-----
Fighting       | 3 4 5 |  5.0
Dodging        | 2 3 4 |  4.8
Throwing       | |  4.0
Stealth        | |  0.6

Action                   |  1- 3 |  4- 6 || total
-------------------------+-------+-------++-------
Melee: Short sword       |    98 |   164 ||   262
       Dagger            |    29 |       ||    29
       Flail             |       |    10 ||    10
 Fire: Blowgun           |       |     3 ||     3
Throw: Stone             |    74 |    88 ||   162
       Large rock        |     3 |    16 ||    19
       Throwing net      |     1 |     2 ||     3
       Tomahawk          |       |     9 ||     9
  Use: Scroll            |     1 |     2 ||     3
       Potion            |       |     1 ||     1
 Stab: Held in net/web   |       |     1 ||     1
  Eat: Chunk             |     1 |    10 ||    11
Armor: Robe              |    46 |    60 ||   106
Dodge: Dodged            |   116 |   181 ||   297
